 Dungeon Crawl Stone Soup version 0.29.1-2-gbd0b4ee654 (webtiles) character file.

Game seed: 2565774833267253240

50 Hiippo the Covered (level 3, -3/28 HPs)
             Began as a Gnoll Wanderer on Dec 1, 2022.
             Slain by a gnoll
             ... wielding a +0 club
              (4 damage)
             ... on level 2 of the Dungeon.
             The game lasted 00:06:36 (1160 turns).

Hiippo the Covered (Gnoll Wanderer)                 Turns: 1160, Time: 00:06:37

Health: -3/28      AC:  9    Str: 14    XL:     3   Next: 79%
Magic:  7/7        EV: 10    Int: 12    God:
Gold:   71         SH:  4    Dex:  9    Spells: 6/7 levels left

rFire   . . .      SeeInvis .   a - +0 club
rCold   . . .      Faith    .   d - +0 buckler {AC+3}
rNeg    . . .      Spirit   .   b - +0 ring mail
rPois   .          Reflect  .   (no helmet)
rElec   .          Harm     .   (no cloak)
rCorr   .          Rampage  .   (no gloves)
Will    .....                   (no boots)
Stlth   +.........              (no amulet)
HPRegen 0.09/turn               i - ring of flight
MPRegen 0.10/turn               (no ring)

@: flying
A: fangs 1, strong nose, distributed training
a: no special abilities


You were on level 2 of the Dungeon.
You visited 1 branch of the dungeon, and saw 2 of its levels.

You collected 71 gold pieces.

Inventory:

Hand Weapons
 a - a +0 club (weapon)
 f - a +0 quarterstaff
 k - a +0 war axe
Armour
 b - a +0 ring mail (worn)
 d - a +0 buckler of protection (worn)
Jewellery
 i - a ring of flight (left hand)
 l - a ring of ice
Scrolls
 g - a scroll of identify {unknown}
 n - a scroll of summoning {unknown}
 o - a scroll of blinking {unknown}
Potions
 e - a potion of brilliance {unknown}
 h - a potion of flight {unknown}
 j - a potion of curing {unknown}
 m - a potion of heal wounds {unknown}


   Skills:
 + Level 2.6 Fighting
 + Level 1.0 Short Blades
 + Level 1.0 Long Blades
 + Level 1.0 Axes
 + Level 1.0 Maces & Flails
 + Level 1.0 Polearms
 + Level 1.0 Staves
 + Level 1.0 Ranged Weapons
 + Level 1.0 Throwing
 + Level 6.5 Armour
 + Level 1.0 Dodging
 + Level 2.4 Stealth
 + Level 4.6 Shields
 + Level 1.0 Unarmed Combat
 + Level 2.9 Spellcasting
 + Level 0.7 Conjurations
 + Level 0.7 Hexes
 + Level 0.7 Summonings
 + Level 0.7 Necromancy
 + Level 0.7 Translocations
 + Level 0.7 Transmutations
 + Level 0.7 Fire Magic
 + Level 0.7 Ice Magic
 + Level 0.7 Air Magic
 + Level 2.1 Earth Magic
 + Level 0.7 Poison Magic
 + Level 2.7 Invocations
 + Level 1.0 Evocations


You had 6 spell levels left.
You knew the following spells:

 Your Spells              Type           Power      Damage    Failure   Level
a - Sandblast             Erth           12%        2d6       26%         1

Your spell library contained the following spells:

 Spells                   Type           Power      Damage    Failure   Level
 Apportation              Tloc           6%         N/A       41%         1
 Beastly Appendage        Tmut           6%         N/A       41%         1
 Necrotise                Necr           12%        1d4       41%         1
 Summon Small Mammal      Summ           12%        N/A       41%         1
 Wereblood                Tmut           3%         N/A       56%         2
 Stone Arrow              Conj/Erth      10%        3d7       69%         3
 Spider Form              Tmut/Pois      3%         N/A       80%         3


Dungeon Overview and Level Annotations

Branches:
Dungeon (2/15)

Altars:


Innate Abilities, Weirdness & Mutations

You have very sharp teeth.
Your uncanny sense of smell can sniff out nearby items.
Your experience applies equally to all skills.


Message History

You block the gnoll's attack. The gnoll closely misses you.
Read: scroll of fear
Press: ? - help, Q - select action, (/) - cycle Dir - look around, f - activate You can't see that place.
As you read the scroll of fear, it crumbles to dust.
You assume a fearsome visage.
The gnoll looks frightened! x2
You hit the gnoll.
Your attack snaps the gnoll out of its fear.
Your bite misses the gnoll.
The gnoll is heavily wounded.
You block the gnoll's attack.
You completely miss the gnoll.
The gnoll is heavily wounded.
The gnoll hits you with a +0 club.
* * * LOW HITPOINT WARNING * * *
You barely miss the gnoll.
The gnoll is heavily wounded.
The gnoll hits you but does no damage. The gnoll barely misses you.
You hit the gnoll but do no damage.
The gnoll is heavily wounded.
The gnoll hits you with a +0 club.
* * * LOW HITPOINT WARNING * * *
You hit the gnoll but do no damage.
The gnoll is heavily wounded.
The gnoll barely misses you.
You barely miss the gnoll. You bite the gnoll, but do no damage.
The gnoll is heavily wounded.
The gnoll barely misses you.
You hit the gnoll.
The gnoll is heavily wounded.
The gnoll closely misses you. The gnoll hits you with a +0 club.
* * * LOW HITPOINT WARNING * * *
You hit the gnoll but do no damage.
The gnoll is heavily wounded.
The gnoll barely misses you.
You hit the gnoll.
The gnoll is almost dead.
The gnoll hits you with a +0 club.
You die...

.## ....#
#....#######
#....)g...(#
#.#..#######.#
#. ###@# ##..
###.g.# ...##
##..)### ...
#..### .
#.##.##
.###....# ..
..##..### ...
#. ##...## #..
#.###.#..#


You could see a gnoll.

Vanquished Creatures
  A gnoll (D:2)
  An adder (D:2)
  A dart slug (D:1)
  An endoplasm (D:1)
  4 giant cockroaches (D:1)
  2 goblins (D:1)
  3 hobgoblins (D:1)
  4 kobolds (D:1)
  A ball python (D:1)
  4 bats
  3 frilled lizards (D:1)
  4 rats (D:1)
29 creatures vanquished.

Notes
Turn   | Place    | Note
-------+----------+-------------------------------------------
     0 | D:1      | Hiippo the Gnoll Wanderer began the quest for the Orb.
     0 | D:1      | Hiippo set off with the following items: a +0 club, a +0
                  | ring mail, a scroll of fear, a +0 buckler of protection;
                  | and the following spell memorised: Sandblast; and the
                  | following spells available to memorise: Stone Arrow.
     0 | D:1      | Reached XP level 1. HP: 17/17 MP: 4/4
    61 | D:1      | Reached XP level 2. HP: 14/23 MP: 1/5
   328 | D:1      | Found a faded altar of an unknown god.
   720 | D:1      | Reached XP level 3. HP: 23/28 MP: 7/7
  1141 | D:2      | Reached skill level 1 in Short Blades
  1141 | D:2      | Reached skill level 1 in Long Blades
  1141 | D:2      | Reached skill level 1 in Axes
  1141 | D:2      | Reached skill level 1 in Maces & Flails
  1141 | D:2      | Reached skill level 1 in Polearms
  1141 | D:2      | Reached skill level 1 in Staves
  1141 | D:2      | Reached skill level 1 in Ranged Weapons
  1141 | D:2      | Reached skill level 1 in Throwing
  1141 | D:2      | Reached skill level 1 in Dodging
  1141 | D:2      | Reached skill level 1 in Unarmed Combat
  1141 | D:2      | Reached skill level 1 in Evocations
  1158 | D:2      | HP: 1/28 [gnoll/+0 club (2)]
  1160 | D:2      | Slain by a gnoll

Illustrated notes

Levels and vault maps discovered:
D:1:      roderic_crossed_star, layout_loops_ring,
          ebering_ecumenical_altar_mist, minmay_pentomino_p4
D:2:      layout_rooms

Skill      XL: |  1  2  3 |
---------------+----------+-----
Earth Magic    | 2 |  2.1
Short Blades   | 1 |  1.0
Long Blades    | 1 |  1.0
Axes           | 1 |  1.0
Maces & Flails | 1 |  1.0
Polearms       | 1 |  1.0
Staves         | 1 |  1.0
Ranged Weapons | 1 |  1.0
Throwing       | 1 |  1.0
Dodging        | 1 |  1.0
Unarmed Combat | 1 |  1.0
Evocations     | 1 |  1.0
Fighting       | |  2.6
Armour         | |  6.5
Stealth        | |  2.4
Shields        | |  4.6
Spellcasting   | |  2.9
Conjurations   | |  0.7
Hexes          | |  0.7
Summonings     | |  0.7
Necromancy     | |  0.7
Translocations | |  0.7
Transmutations | |  0.7
Fire Magic     | |  0.7
Ice Magic      | |  0.7
Air Magic      | |  0.7
Poison Magic   | |  0.7
Invocations    | |  2.7

Action                   || total
-------------------------++-------
Melee: Club              ||   167
       Bite              ||    13
 Cast: Sandblast         ||     6
  Use: Scroll            ||     1
 Stab: Sleeping          ||     1
Armor: Ring mail         ||   100
Dodge: Dodged            ||    92
Block: Buckler           ||    49
